 Dungeon Crawl Stone Soup version 0.30-a0-368-g86fb4627a9 (webtiles) character file.

Game seed: 15040740395283229807

3479 Maxmaps the Carver (level 9, -4/72 HPs)
             Began as a Demonspawn Gladiator on Nov 20, 2022.
             Was an Initiate of Gozag.
             Killed from afar by Joseph (8 damage)
             ... with a bolt of dispelling energy
             ... on level 8 of the Dungeon.
             The game lasted 00:10:50 (5961 turns).

Maxmaps the Carver (Demonspawn Gladiator)           Turns: 5961, Time: 00:10:50

Health: -4/72      AC: 15    Str: 16    XL:     9   Next: 79%
Magic:  9/9        EV: 10    Int: 13    God:    Gozag
Gold:   607        SH:  0    Dex: 14    Spells: 8/8 levels left

rFire   . . .      SeeInvis .    s - +0 dagger (venom)
rCold   + . .      Faith    .    (no shield)
rNeg    . . .      Spirit   .    E - +2 scale mail {rC+}
rPois   .          Reflect  .    c - +1 helmet
rElec   .          Harm     .    t - +0 cloak
rCorr   .          Rampage  .    (no gloves)
Will    .....                    (no boots)
Stlth   ..........               j - amulet of regeneration
HPRegen 1.12/turn                p - ring of wizardry
MPRegen 0.11/turn                (no ring)

@: gold aura
A: thin metallic scales 2, demonic magic 1, weakness stinger 1
a: Renounce Religion, Potion Petition, Call Merchant, Bribe Branch


You were on level 8 of the Dungeon.
You worshipped Gozag.
Gozag was pleased with you.
You visited 2 branches of the dungeon, and saw 9 of its levels.
You also visited: Sewer.

You collected 738 gold pieces.
You paid 131 gold pieces to Gozag.

Inventory:

Hand Weapons
 a - a +0 long sword
 g - a +2 short sword of electrocution
 s - a +0 dagger of venom (weapon)
Missiles
 d - 4 throwing nets (quivered)
 e - a javelin
Armour
 c - a +1 helmet (worn)
 r - a +0 troll leather armour {Pargi}
 t - a +0 cloak (worn)
 E - a +2 scale mail of cold resistance (worn)
Jewellery
 j - an amulet of regeneration (around neck)
 o - an amulet of magic regeneration
 p - a ring of wizardry (left hand)
 w - a ring of magical power
Wands
 y - a wand of roots (12)
 D - a wand of paralysis (9)
Scrolls
 f - a scroll of identify
 i - 3 scrolls of enchant armour
 n - 4 scrolls of teleportation
 u - 2 scrolls of amnesia {unknown}
 A - 2 scrolls of fear
Potions
 h - 3 potions of lignification
 l - 3 potions of mutation
 m - a potion of flight
 v - 2 potions of ambrosia
 x - a potion of haste
 z - a potion of invisibility
 B - 2 potions of might
 C - a potion of attraction


   Skills:
 - Level 7.2 Fighting
 + Level 9.9 Long Blades
 - Level 1.7 Throwing
 - Level 5.3 Armour
 - Level 3.3 Dodging


You had 8 spell levels left.
You didn't know any spells.
Your spell library contained the following spells:

 Spells                   Type           Power      Damage    Failure   Level
 Blink                    Tloc           0%         N/A       50%         2
 Ensorcelled Hibernation  Hex/Ice        0%         N/A       50%         2
 Momentum Strike          Conj/Tloc      0%         3d8       50%         2
 Lesser Beckoning         Tloc           0%         N/A       73%         3
 Spider Form              Tmut/Pois      0%         N/A       73%         3
 Stone Arrow              Conj/Erth      0%         3d7       73%         3
 Anguish                  Hex/Necr       0%         N/A       98%         4
 Animate Armour           Summ/Erth      0%         N/A       98%         4
 Lehudib's Crystal Spear  Conj/Erth      0%         10d2      100%        8


Dungeon Overview and Level Annotations

Branches:
Dungeon (8/15)             Temple (1/1) D:4            Lair (0/5) D:8
  Sewer (visited)

Altars:
Ashenzari
Cheibriados
Dithmenos
Fedhas
Gozag
Hepliaklqana
Kikubaaqudgha
Makhleb
Nemelex Xobeh
Okawaru
Qazlal
Ru
Sif Muna
Trog
Uskayaw
Vehumet
Wu Jian
Xom

Shops:
D:6 *

Annotations:
D:8 Gastronok, Joseph


Innate Abilities, Weirdness & Mutations

You are mostly covered in thin metallic scales. (AC +3)
Spells you cast may paralyse adjacent enemies.
You have a small tail.


Message History

The shadow imp barely misses you.
Joseph shouts, "Intruder!"
Joseph hits you with a +0 quarterstaff.
You hit Joseph.
Joseph is severely wounded.
The shadow imp hits you but does no damage.
You barely miss Joseph.
Joseph is severely wounded.
Joseph hits you with a +0 quarterstaff!
* * * LOW HITPOINT WARNING * * *
You hit Joseph but do no damage. You tail-slap Joseph.
Joseph is severely wounded.
The shadow imp closely misses you. Joseph hits you with a +0 quarterstaff.
* * * LOW HITPOINT WARNING * * *
Okay, then.
Okay, then.
You closely miss Joseph.
Joseph is severely wounded.
The shadow imp completely misses you.
You kill the shadow imp!
Unknown command.
You hit Joseph but do no damage.
Your tail-slap misses Joseph.
Joseph is almost dead.
Joseph zaps a wand.
The bolt of dispelling energy misses you.
You hit Joseph.
Joseph is almost dead.
Joseph hits you with a +0 quarterstaff!
* * * LOW HITPOINT WARNING * * *
Okay, then.
You hit Joseph but do no damage.
Joseph is almost dead.
You hit Joseph but do no damage.
Joseph is almost dead.
Joseph hits you but does no damage.
You hit Joseph but do no damage.
Joseph looks as sick as possible!
Joseph is almost dead.
Joseph zaps a wand.
The bolt of dispelling energy hits you!
You die...
Your body crumbles into a pile of gold.

*,* *,...,,,,*,,,, #.#
*,#.#*,,,,,,,,
##.#**,#.#*,,,*,⌠,⌠
#...,,,#.#*,,,,,,,,
#..###*#.#*,,.#.,,,
###..#.###.##.....,_,
#........Dy.....#,,,,
#.#..#.##..##....),,,
#.#.@#.##..#*,,.#.⌠,⌠
##.#.<@#.......,,,,,,,
**######....##$##..###*,*,,,,
*,.............##....#*,,,,,,
*,######..#######.....*****,,
*,* #...# #.#.#.## **, *,*
##..# #......#****, *,* #..#
#.#.#..,,,,,, *,*
#..######.....***,***


You could see Joseph (extremely poisoned).

Vanquished Creatures
  3 yaks (D:6)
  3 steam dragons
  2 orc warriors
  Pargi (Sewer)
  A black bear (D:6)
  An ogre (D:5)
  An ice beast (D:7)
  3 phantoms
  A kobold brigand (D:8)
  2 bullfrogs (D:7)
  2 necrophages
  3 scorpions
  8 killer bees
  4 jellies
  3 hounds
  4 orc priests
  5 iguanas
  11 orc wizards
  3 gnolls (D:5)
  A river rat (D:4)
  14 adders
  3 shadow imps
  2 white imps
  3 ufetubi
  28 orcs
  7 ball pythons
  4 bats
  7 endoplasms
  4 giant cockroaches
  12 goblins
  16 hobgoblins
  4 jackals
  4 quokkas
  2 frilled lizards
  9 kobolds
  4 rats
185 creatures vanquished.

Vanquished Creatures (others)
  A kobold (D:4)
  8 fungi (D:6)
9 creatures vanquished.

Grand Total: 194 creatures vanquished

Notes
Turn   | Place    | Note
-------+----------+-------------------------------------------
     0 | D:1      | Maxmaps the Demonspawn Gladiator began the quest for the
                  | Orb.
     0 | D:1      | Reached XP level 1. HP: 16/16 MP: 1/1
   183 | D:1      | Gained mutation: You have a small tail. [demonic ancestry]
   183 | D:1      | Reached XP level 2. HP: 23/23 MP: 2/2
   802 | D:2      | Found a broken altar of Ashenzari.
   945 | D:2      | Reached XP level 3. HP: 26/29 MP: 3/3
  1232 | D:2      | Gained mutation: You are partially covered in thin metallic
                  | scales. (AC +2) [demonic ancestry]
  1232 | D:2      | Reached XP level 4. HP: 38/38 MP: 4/4
  1549 | D:3      | Reached skill level 5 in Fighting
  1591 | D:3      | Found a sparkling altar of Nemelex Xobeh.
  1716 | D:3      | Found a blossoming altar of Fedhas.
  2039 | D:4      | Found a shadowy altar of Dithmenos.
  2047 | D:4      | Reached XP level 5. HP: 30/44 MP: 5/5
  2098 | D:4      | Found a sacrificial altar of Ru.
  2274 | D:4      | Reached XP level 6. HP: 36/53 MP: 6/6
  2536 | D:4      | Found a glowing drain.
  2543 | Sewer    | Entered a sewer
  2546 | Sewer    | Noticed Pargi
  2556 | Sewer    | Killed Pargi
  2619 | Sewer    | Identified the +8 mace of Tismukiz {drain, Str+3 Dex+3}
  2803 | D:4      | Reached skill level 1 in Armour
  2920 | D:4      | Found a staircase to the Ecumenical Temple.
  2929 | Temple   | Entered the Ecumenical Temple
  3198 | D:5      | Entered Level 5 of the Dungeon
  3227 | D:5      | Gained mutation: Spells you cast may paralyse adjacent
                  | enemies. [demonic ancestry]
  3227 | D:5      | Reached XP level 7. HP: 60/60 MP: 7/7
  3314 | D:5      | You fall into a shaft and drop 3 floors!
  3387 | D:8      | Reached skill level 5 in Armour
  3430 | D:8      | Noticed Gastronok
  3581 | D:8      | Noticed a steam dragon
  3696 | D:7      | Reached XP level 8. HP: 67/67 MP: 8/8
  3712 | D:7      | Reached skill level 3 in Long Blades
  3776 | D:6      | Noticed an angel
  3778 | D:6      | Found a shimmering altar of Xom.
  4040 | D:5      | Reached skill level 4 in Long Blades
  4120 | D:5      | Reached skill level 5 in Long Blades
  4236 | D:5      | Identified the +4 sling of Quantum Leap {vorpal, Str+6}
  4495 | D:6      | Found Gozag's Platinum Reserve.
  4495 | D:6      | Found an opulent altar of Gozag.
  4511 | D:6      | Became a worshipper of Gozag Ym Sagoz the Greedy
  4576 | D:6      | Reached skill level 6 in Long Blades
  4740 | D:6      | Reached skill level 7 in Long Blades
  4740 | D:6      | Gained mutation: You are mostly covered in thin metallic
                  | scales. (AC +3) [demonic ancestry]
  4740 | D:6      | Reached XP level 9. HP: 35/72 MP: 9/9
  4967 | D:6      | Reached skill level 8 in Long Blades
  5253 | D:6      | Reached skill level 9 in Long Blades
  5850 | D:8      | Noticed Joseph
  5958 | D:8      | HP: 1/72 [Joseph/+0 quarterstaff (11)]
  5961 | D:8      | Killed from afar by Joseph

Illustrated notes

Levels and vault maps discovered:
D:1:      minmay_arrival_four_circles, layout_loops_ring
D:2:      minmay_recursive_quarters, layout_loops_ring, basic_altar
D:3:      layout_loops_cross, fedhas_altar_3,
          mainiacjoe_overflow_six_doors_small
D:4:      layout_rooms, mainiacjoe_overflow_alcove_2,
          lemuel_coloured_pillars_altar, lemuel_temple_firewalk_a,
          gup_sewer_entry_bubbles, amcnicky_mini_rare_corridor_liquid,
          grunt_tough_drop
D:5:      layout_basic
D:6:      layout_gridville, nicolae_gozag_zags_fifth_avenue,
          grunt_temple_overflow_order_and_chaos_1, dreamdust_mushroom_princess,
          hex_tiny, minmay_door_square, reono_crystal_passage
D:7:      layout_basic
D:8:      layout_loops_ring, elyvilon_altar_5, david_lair_shrubbed,
          serial_glass, glass_columns_c, glass_columns_a,
          chequers_decorated_corner, uniq_gastronok, uniq_joseph
Temple:   compressed_dpeg_triangle_lava_temple

Skill      XL: |  1  2  3  4  5  6  7  8  9 |
---------------+----------------------------+-----
Fighting       | 3 4 5 6 7 |  7.2
Armour         | 2 5 |  5.3
Dodging        | 3 |  3.3
Long Blades    | 7 9 |  9.9
Throwing       | |  1.7

Action                   |  1- 3 |  4- 6 |  7- 9 || total
-------------------------+-------+-------+-------++-------
Melee: Long sword        |   127 |    52 |       ||   179
       Tailslap          |     8 |    28 |    67 ||   103
       Dagger            |       |    43 |    33 ||    76
       Short sword       |       |   141 |   489 ||   630
       Punch             |       |     1 |    10 ||    11
  Use: Scroll            |       |     9 |     9 ||    18
       Potion            |       |       |     1 ||     1
 Stab: Sleeping          |     2 |       |       ||     2
Armor: Leather armour    |    50 |    61 |       ||   111
       Scale mail        |       |    46 |   270 ||   316
Dodge: Dodged            |   123 |   183 |   246 ||   552

Table legend: (Time is in decaauts)
 A = Elapsed time spent in this place.
 B = Non-inter-level travel time spent in this place.
 C = Inter-level travel time spent in this place.
 D = Time resting spent in this place.
 E = Time spent auto-exploring this place.
 F = Levels seen in this place.
 G = Mean time per level.
                   A        B        C        D        E       F      G
               +--------+--------+--------+--------+--------+-----+--------+
         Total |   5929 |   5781 |    148 |    194 |   3728 |  10 |  592.9 |
       Dungeon |   5521 |   5373 |    148 |    194 |   3418 |   8 |  690.1 |
        Temple |    226 |    226 |      0 |      0 |    203 |   1 |  226.0 |
         Sewer |    181 |    181 |      0 |      0 |    107 |   1 |  181.0 |
               +--------+--------+--------+--------+--------+-----+--------+

Top non-repeatable levels by time:
     D:6: 1023 daAuts
     D:4: 782 daAuts
     D:2: 750 daAuts
     D:1: 728 daAuts
     D:5: 705 daAuts
     D:7: 621 daAuts
     D:3: 594 daAuts
     D:8: 316 daAuts
  Temple: 226 daAuts
   Sewer: 181 daAuts
